SNL (28 & UNDER)
KEY WEST BARRACUDAS @ GAINESVILLE GUIDOS
06/12/2024
 
TOP OF THE 1ST
Key West Barracudas batting - Pitching for Gainesville Guidos : RHP Ronald Adams
Pitching: RHP Ronald Adams
Batting: SHB Rodney Birling 0-0: Swinging Strike
0-1: Foul Ball, location: 2F
0-2: Foul Ball, location: 2F
0-2: Strikes out looking
Batting: RHB Carlos Bravo 0-0: Fly out, F9 (Flyball, 9M)
Batting: RHB Carlos Miranda Error on foul ball, E7
0-1: SINGLE (Groundball, 4M)
Batting: RHB Ramiro Gámez 0-0: Swinging Strike
0-1: Swinging Strike
0-2: Ball
Carlos Miranda steals 2nd base
1-2: Ball
2-2: Strikes out swinging
Top of the 1st over - 0 run(s), 1 hit(s), 1 error(s), 1 left on base; Key West 0 - Gainesville 0
BOTTOM OF THE 1ST
Gainesville Guidos batting - Pitching for Key West Barracudas : RHP Cade Baird
Pitching: RHP Cade Baird
Batting: RHB Noriyori Ine 0-0: SINGLE (Groundball, 56)
Batting: RHB Mitch Thomas 0-0: Called Strike
0-1: Ball
1-1: SINGLE (Groundball, 56S)
Noriyori Ine to second
Batting: LHB Dave Watt 0-0: Foul Ball, location: 2F
0-1: Fly out, F5 (Popup, 5F)
Batting: LHB David Murphy 0-0: Ball
Noriyori Ine steals 3rd base
Mitch Thomas to second
1-0: Called Strike
1-1: Ball
2-1: Foul Ball, location: 2F
2-2: 3-RUN HOME RUN (Flyball, 7LD), Distance : 355 ft
Batting: LHB Ed Murray 0-0: Called Strike
0-1: Swinging Strike
0-2: Ball
1-2: Ball
2-2: Foul Ball, location: 2F
2-2: SINGLE (Groundball, 4M)
Batting: RHB Iván Moreno 0-0: Ball
Ed Murray steals 2nd base
1-0: Ball
2-0: Called Strike
2-1: Foul Ball, location: 2F
2-2: Fly out, F8 (Flyball, 8RD)
Runner from 2nd tags up, SAFE at 3rd, no throw
Batting: LHB Ed Hart 0-0: Called Strike
0-1: Ball
1-1: Called Strike
1-2: Foul Ball, location: 2F
1-2: Ground out 5-3 (Groundball, 56)
Bottom of the 1st over - 3 run(s), 4 hit(s), 0 error(s), 1 left on base; Key West 0 - Gainesville 3
TOP OF THE 2ND
Key West Barracudas batting - Pitching for Gainesville Guidos : RHP Ronald Adams
Batting: RHB Luther Stoffels 0-0: Ball
1-0: Ball
2-0: Fly out, F9 (Flyball, 89S)
Batting: LHB Jake Wells 0-0: Called Strike
0-1: Called Strike
0-2: Ball
1-2: Ball
2-2: Ball
3-2: Foul Ball, location: 2F
3-2: Foul Ball, location: 2F
3-2: Foul Ball, location: 2F
3-2: Strikes out swinging
Batting: RHB Kenny Cole 0-0: Ball
1-0: Called Strike
1-1: Ground out 6-3 (Groundball, 6M)
Top of the 2nd over - 0 run(s), 0 hit(s), 0 error(s), 0 left on base; Key West 0 - Gainesville 3
BOTTOM OF THE 2ND
Gainesville Guidos batting - Pitching for Key West Barracudas : RHP Cade Baird
Batting: RHB Tetsunori Ito 0-0: Called Strike
0-1: Fly out, F8 (Flyball, 8LXD)
Batting: RHB Ben Morton 0-0: Called Strike
0-1: Foul Ball, location: 2F
0-2: Ball
1-2: SINGLE (Groundball, 4M)
Batting: RHB Noriyori Ine 0-0: Foul Ball, location: 2F
0-1: Foul Ball, location: 2F
0-2: Grounds into double play, 6-4-3 (Groundball, 6)
Bottom of the 2nd over - 0 run(s), 1 hit(s), 0 error(s), 0 left on base; Key West 0 - Gainesville 3
TOP OF THE 3RD
Key West Barracudas batting - Pitching for Gainesville Guidos : RHP Ronald Adams
Batting: RHB Victor Baker 0-0: Ball
1-0: Fly out, F9 (Flyball, 89S)
Batting: LHB Motoki Hirata 0-0: Ground out 5-3 (Groundball, 56)
Batting: SHB Rodney Birling 0-0: Foul Ball, location: 2F
0-1: Ball
1-1: Swinging Strike
1-2: Ball
2-2: Strikes out swinging
Top of the 3rd over - 0 run(s), 0 hit(s), 0 error(s), 0 left on base; Key West 0 - Gainesville 3
BOTTOM OF THE 3RD
Gainesville Guidos batting - Pitching for Key West Barracudas : RHP Cade Baird
Batting: RHB Mitch Thomas 0-0: Called Strike
0-1: Ball
1-1: Ground out 6-3 (Groundball, 6)
Batting: LHB Dave Watt 0-0: Ball
1-0: Swinging Strike
1-1: Foul Ball, location: 2F
1-2: Strikes out swinging
Batting: LHB David Murphy 0-0: Swinging Strike
0-1: Foul Ball, location: 2F
0-2: Ball
1-2: Ball
2-2: Ball
3-2: Base on Balls
Batting: LHB Ed Murray 0-0: Ball
1-0: Ground out 4-3 (Groundball, 4)
Bottom of the 3rd over - 0 run(s), 0 hit(s), 0 error(s), 1 left on base; Key West 0 - Gainesville 3
TOP OF THE 4TH
Key West Barracudas batting - Pitching for Gainesville Guidos : RHP Ronald Adams
Batting: RHB Carlos Bravo 0-0: Swinging Strike
0-1: Called Strike
0-2: Strikes out swinging
Batting: RHB Carlos Miranda 0-0: Ball
1-0: Ball
2-0: Called Strike
2-1: Fly out, F8 (Flyball, 8RXD)
Batting: RHB Ramiro Gámez 0-0: Ball
1-0: Ball
2-0: Ball
3-0: Called Strike
3-1: Called Strike
3-2: Base on Balls
Batting: RHB Luther Stoffels 0-0: Foul Ball, location: 2F
0-1: Ground out 5-3 (Groundball, 56S)
Top of the 4th over - 0 run(s), 0 hit(s), 0 error(s), 1 left on base; Key West 0 - Gainesville 3
BOTTOM OF THE 4TH
Gainesville Guidos batting - Pitching for Key West Barracudas : RHP Cade Baird
Batting: RHB Iván Moreno 0-0: Ball
1-0: Foul Ball, location: 2F
1-1: Swinging Strike
1-2: Strikes out swinging
Batting: LHB Ed Hart 0-0: Called Strike
0-1: Swinging Strike
0-2: Ball
1-2: Fly out, F8 (Flyball, 8RM)
Batting: RHB Tetsunori Ito 0-0: Foul Ball, location: 2F
0-1: Ball
1-1: Foul Ball, location: 2F
1-2: Ground out 4-3 (Groundball, 4MD)
Bottom of the 4th over - 0 run(s), 0 hit(s), 0 error(s), 0 left on base; Key West 0 - Gainesville 3
TOP OF THE 5TH
Key West Barracudas batting - Pitching for Gainesville Guidos : RHP Ronald Adams
Batting: LHB Jake Wells 0-0: Ball
1-0: Foul Ball, location: 2F
1-1: Ground out 6-3 (Groundball, 6)
Batting: RHB Kenny Cole 0-0: Ball
1-0: Ball
2-0: Fly out, F5 (Line Drive, 5)
Batting: RHB Victor Baker 0-0: Ball
1-0: Swinging Strike
1-1: Called Strike
1-2: Ground out 6-3 (Groundball, 6)
Top of the 5th over - 0 run(s), 0 hit(s), 0 error(s), 0 left on base; Key West 0 - Gainesville 3
BOTTOM OF THE 5TH
Gainesville Guidos batting - Pitching for Key West Barracudas : RHP Cade Baird
Batting: RHB Ben Morton 0-0: Fly out, F4 (Line Drive, 4D)
Batting: RHB Noriyori Ine 0-0: SINGLE (Line Drive, 8RS)
Batting: RHB Mitch Thomas 0-0: Swinging Strike
0-1: Fly out, F9 (Flyball, 9M)
Batting: LHB Dave Watt 0-0: Called Strike
0-1: Ball
Noriyori Ine steals 2nd base
1-1: Ball
Noriyori Ine steals 3rd base
2-1: Fly out, F6 (Popup, 6MD)
Bottom of the 5th over - 0 run(s), 1 hit(s), 0 error(s), 1 left on base; Key West 0 - Gainesville 3
TOP OF THE 6TH
Key West Barracudas batting - Pitching for Gainesville Guidos : RHP Ronald Adams
Batting: LHB Motoki Hirata 0-0: Foul Ball, location: 2F
0-1: Ball
1-1: Fly out, F7 (Flyball, 7D)
Batting: SHB Rodney Birling 0-0: Ball
1-0: Ball
2-0: Called Strike
2-1: Foul Ball, location: 2F
2-2: Strikes out swinging
Batting: RHB Carlos Bravo 0-0: Ball
1-0: Ball
2-0: Foul Ball, location: 2F
2-1: Fly out, F7 (Flyball, 7M)
Top of the 6th over - 0 run(s), 0 hit(s), 0 error(s), 0 left on base; Key West 0 - Gainesville 3
BOTTOM OF THE 6TH
Gainesville Guidos batting - Pitching for Key West Barracudas : RHP Cade Baird
Batting: LHB David Murphy 0-0: Ball
1-0: Ball
2-0: Foul Ball, location: 2F
2-1: SINGLE (Groundball, 34D)
Pitching: RHP José García
Batting: LHB Ed Murray 0-0: Ball
1-0: Ball
2-0: SINGLE (Groundball, 6MD)
David Murphy to second
Batting: RHB Iván Moreno 0-0: Called Strike
0-1: Foul Ball, location: 2F
0-2: Ball
1-2: Grounds into double play, 6-4-3 (Groundball, 6)
David Murphy to third
Batting: LHB Ed Hart 0-0: Foul Ball, location: 2F
0-1: Ball
1-1: Ball
2-1: Called Strike
2-2: Fly out, F7 (Flyball, 7M)
Bottom of the 6th over - 0 run(s), 2 hit(s), 0 error(s), 1 left on base; Key West 0 - Gainesville 3
TOP OF THE 7TH
Key West Barracudas batting - Pitching for Gainesville Guidos : RHP Ronald Adams
Batting: RHB Carlos Miranda 0-0: Called Strike
0-1: Ball
1-1: Fly out, F8 (Flyball, 8RM)
Batting: RHB Ramiro Gámez 0-0: Swinging Strike
0-1: Called Strike
0-2: Ball
1-2: Strikes out swinging
Batting: RHB Luther Stoffels 0-0: SINGLE (Groundball, 5D)
Batting: LHB Jake Wells 0-0: Ground out U3 (Groundball, 3)
Top of the 7th over - 0 run(s), 1 hit(s), 0 error(s), 1 left on base; Key West 0 - Gainesville 3
BOTTOM OF THE 7TH
Gainesville Guidos batting - Pitching for Key West Barracudas : RHP José García
Batting: RHB Tetsunori Ito 0-0: Fly out, F8 (Flyball, 8RM)
Batting: RHB Ben Morton 0-0: Swinging Strike
0-1: Ball
1-1: DOUBLE (Line Drive, 5D)
Batting: RHB Noriyori Ine 0-0: Intentional Walk
Batting: RHB Mitch Thomas 0-0: Called Strike
0-1: Foul Ball, location: 2F
0-2: Foul Ball, location: 2F
0-2: Hit by Pitch
Ben Morton to third
Noriyori Ine to second
Batting: LHB Dave Watt 0-0: Ball
1-0: Ball
2-0: Called Strike
2-1: GRAND SLAM HOME RUN (Flyball, 89XD), Distance : 387 ft
Pitching: RHP Steven O'Brien
Batting: LHB David Murphy 0-0: Ball
1-0: Ball
2-0: Called Strike
2-1: Foul Ball, location: 2F
2-2: Strikes out swinging
Batting: LHB Ed Murray 0-0: Ball
1-0: DOUBLE (Groundball, 3L)
Batting: RHB Iván Moreno 0-0: Ball
1-0: Foul Ball, location: 2F
1-1: Ball
2-1: Foul Ball, location: 2F
2-2: Strikes out swinging
Bottom of the 7th over - 4 run(s), 3 hit(s), 0 error(s), 1 left on base; Key West 0 - Gainesville 7
TOP OF THE 8TH
Key West Barracudas batting - Pitching for Gainesville Guidos : RHP Ronald Adams
Batting: RHB Kenny Cole 0-0: Ball
1-0: Called Strike
1-1: Ball
2-1: Ball
3-1: Swinging Strike
3-2: Base on Balls
Batting: RHB Victor Baker 0-0: Ball
1-0: Ball
2-0: Ball
3-0: Called Strike
3-1: Foul Ball, location: 2F
3-2: Fly out, F5 (Popup, 15)
Batting: LHB Motoki Hirata 0-0: Called Strike
0-1: Ball
1-1: Foul Ball, location: 2F
1-2: Strikes out swinging
Pitching: LHP Mike Scott
Batting: SHB Rodney Birling 0-0: Ball
Wild Pitch!
Kenny Cole to second
1-0: Ball
2-0: Fly out, F2 (Popup, 2RF)
Top of the 8th over - 0 run(s), 0 hit(s), 0 error(s), 1 left on base; Key West 0 - Gainesville 7
BOTTOM OF THE 8TH
Gainesville Guidos batting - Pitching for Key West Barracudas : RHP Steven O'Brien
Batting: LHB Ed Hart 0-0: Called Strike
0-1: Ground out 2-3 (Groundball, 2L)
Batting: RHB Tetsunori Ito 0-0: Ground out 6-3 (Groundball, 6M)
Batting: RHB Ben Morton 0-0: Ball
1-0: Fly out, F8 (Flyball, 8LS)
Bottom of the 8th over - 0 run(s), 0 hit(s), 0 error(s), 0 left on base; Key West 0 - Gainesville 7
TOP OF THE 9TH
Key West Barracudas batting - Pitching for Gainesville Guidos : LHP Mike Scott
Now at C: Ramón Durán
Now at 1B: Marcos Villarreal
Now in CF: Pedro Mata
Batting: RHB Carlos Bravo 0-0: Called Strike
0-1: Ball
1-1: Foul Ball, location: 2F
1-2: Strikes out looking
Batting: RHB Carlos Miranda 0-0: Reached on error, E5 (Groundball, 56)
Batting: RHB Ramiro Gámez 0-0: Ball
1-0: Called Strike
1-1: Ball
2-1: Swinging Strike
2-2: Strikes out swinging
Batting: RHB Luther Stoffels 0-0: Called Strike
0-1: Called Strike
0-2: Ball
1-2: Foul Ball, location: 2F
1-2: Strikes out swinging
Top of the 9th over - 0 run(s), 0 hit(s), 1 error(s), 1 left on base; Key West 0 - Gainesville 7
This league is powered by Out of the Park Baseball, the baseball management simulation game for PC, Mac and Linux
Saturday, April 9th, 2016 - OOTP Baseball 16.8 Build 38